 Dungeon Crawl Stone Soup version 0.29-a0-857-g9b1aa3ac5b (webtiles) character file.

Game seed: 10298103181069835217

211 RevDB the Cutter (level 6, 0/34 HPs)
             Began as a Kobold Enchanter on July 16, 2022.
             Slain by a black bear (6 damage)
             ... on level 4 of the Dungeon.
             The game lasted 00:23:09 (2879 turns).

RevDB the Cutter (Kobold Enchanter)                 Turns: 2879, Time: 00:23:09

Health: 0/34       AC:  3    Str: 12    XL:     6   Next: 13%
Magic:  3/10       EV: 16    Int: 18    God:
Gold:   305        SH:  0    Dex: 21    Spells: 6/11 levels left

rFire   . . .      SeeInvis .   d - +2 dagger (drain)
rCold   . . .      Faith    .   (no shield)
rNeg    . . .      Spirit   .   b - +0 robe
rPois   .          Reflect  .   (no helmet)
rElec   .          Harm     .   s - +0 cloak
rCorr   .          Rampage  .   (no gloves)
Will    .....                   (no boots)
Stlth   ++++......              (no amulet)
HPRegen 0.11/turn               n - +6 ring of dexterity
MPRegen 0.12/turn               q - +6 ring of strength

@: very slightly contaminated
A: small, no large weapons, nightstalker 3
a: no special abilities


You were on level 4 of the Dungeon.
You visited 1 branch of the dungeon, and saw 4 of its levels.

You collected 305 gold pieces.

Inventory:

Hand Weapons
 a - a +1 dagger
 d - a +2 dagger of draining (weapon)
Armour
 b - a +0 robe (worn)
 s - a +0 cloak (worn)
 v - a +0 leather armour
Jewellery
 n - a +6 ring of dexterity (left hand)
 q - a +6 ring of strength (right hand)
Scrolls
 f - 3 scrolls of blinking
 h - a scroll of brand weapon
 j - 2 scrolls of fear
 m - a scroll of enchant armour
 r - a scroll of poison {unknown}
 x - a scroll of fog {unknown}
 y - a scroll of identify
Potions
 c - 2 potions of invisibility
 e - a potion of attraction {unknown}
 g - a potion of curing {unknown}
 i - a potion of resistance {unknown}
 k - a potion of haste {unknown}
 l - a potion of flight {unknown}
 o - 2 potions of mutation
 p - a potion of lignification {unknown}
 t - a potion of cancellation {unknown}
 u - 2 potions of heal wounds {unknown}
 w - a potion of brilliance {unknown}


   Skills:
 - Level 1.0 Fighting
 - Level 5.0 Short Blades
 - Level 3.0 Dodging
 - Level 4.0 Stealth
 - Level 3.0 Spellcasting
 + Level 4.2 Hexes


You had 6 spell levels left.
You knew the following spells:

 Your Spells              Type           Power      Damage    Failure   Level
a - Ensorcelled Hibernat  Hex/Ice        20%        N/A       11%         2
b - Confusing Touch       Hex            18%        N/A       9%          3

Your spell library contained the following spells:

 Spells                   Type           Power      Damage    Failure   Level
 Tukima's Dance           Hex            18%        N/A       9%          3
 Sting                    Tmut/Pois      8%         1d3       16%         1
 Dazzling Flash           Conj/Hex       20%        N/A       21%         3
 Poisonous Vapours        Pois/Air       4%         N/A       24%         2
 Ignite Poison            Fire/Tmut/Pois 2%         N/A       43%         3
 Mephitic Cloud           Conj/Pois/Air  2%         N/A       43%         3
 Olgreb's Toxic Radiance  Pois           2%         N/A       85%         4
 Freezing Cloud           Conj/Ice/Air   1%         6-21      99%         5


Dungeon Overview and Level Annotations

Branches:
Dungeon (4/15)
 Temple: D:4-7

Altars:
Ru


Innate Abilities, Weirdness & Mutations

You are small and have problems with some larger weapons.
You are completely attuned to the shadows.


Message History

The black bear misses you.
You barely miss the black bear. The black bear bites you!
The black bear closely misses you. The black bear claws you.
Casting: Ensorcelled Hibernation (safe; 11% risk of failure)
Confirm with . or Enter, or press ? or * to list all spells.
Aiming: Ensorcelled Hibernation (safe; 11% risk of failure)
Press: ? - help, Shift-Dir - straight line, f - black bear
Aim: a black bear (chance to affect: 44%)
You miscast Ensorcelled Hibernation.
You are very lightly contaminated with residual magic.
Nothing appears to happen.
The black bear barely misses you. The black bear misses you.
The black bear claws you.
Casting: Ensorcelled Hibernation (safe; 11% risk of failure)
Confirm with . or Enter, or press ? or * to list all spells.
Aiming: Ensorcelled Hibernation (safe; 11% risk of failure)
Press: ? - help, Shift-Dir - straight line, f/p - black bear
Aim: a black bear (chance to affect: 44%)
The black bear resists with some effort.
The black bear bites you!
* * * LOW HITPOINT WARNING * * *
The black bear completely misses you. The black bear closely misses you.
Casting: Ensorcelled Hibernation (safe; 11% risk of failure)
Confirm with . or Enter, or press ? or * to list all spells.
Your hands begin to glow red.
The black bear bites you.
* * * LOW HITPOINT WARNING * * *
The black bear misses you. The black bear closely misses you.
You hit the black bear but do no damage.
The black bear appears confused.
You barely miss the black bear. You barely miss the black bear.
You punch the black bear.
The black bear is lightly wounded.
The black bear barely misses you. The black bear claws you.
* * * LOW HITPOINT WARNING * * *
The black bear claws you but does no damage.
You hit the black bear but do no damage.
The black bear is lightly wounded.
You hit the black bear.
The black bear is moderately wounded.
The black bear bites you.
You die...

#..# #.##.#
#.#
##.###.##.#
#.# #..##.##.#
#.# ##.##.##.#
#.#
#..#.##.####.#
##.#.##......#
#...#########
##..# #.@#
#.>h...
#######


You could see a black bear (confused).

Vanquished Creatures
  A jelly (D:4)
  An iguana (D:3)
  Crazy Yiuf (D:2)
  5 adders
  2 dart slugs
  A worm (D:2)
  3 orcs
  3 bats
  8 endoplasms
  A giant cockroach (D:4)
  8 goblins
  6 hobgoblins
  12 jackals
  3 quokkas
  6 ball pythons
  4 kobolds
  2 rats (D:2)
67 creatures vanquished.

Notes
Turn   | Place    | Note
-------+----------+-------------------------------------------
     0 | D:1      | RevDB the Kobold Enchanter began the quest for the Orb.
     0 | D:1      | Reached XP level 1. HP: 10/10 MP: 3/3
    97 | D:1      | Reached skill level 2 in Short Blades
   229 | D:1      | Reached XP level 2. HP: 15/15 MP: 5/5
   234 | D:1      | Learned a level 2 spell: Ensorcelled Hibernation
   340 | D:1      | Reached skill level 3 in Short Blades
   888 | D:2      | Found a faded altar of an unknown god.
   907 | D:2      | Reached skill level 4 in Short Blades
   907 | D:2      | Reached XP level 3. HP: 19/19 MP: 6/6
  1001 | D:2      | Upgraded the game from 0.29-a0-845-g6161e89988 to
                  | 0.29-a0-857-g9b1aa3ac5b
  1122 | D:2      | Reached XP level 4. HP: 24/24 MP: 7/7
  1521 | D:2      | Found a runed translucent door.
  1524 | D:2      | Noticed Crazy Yiuf
  1531 | D:2      | Killed Crazy Yiuf
  1532 | D:2      | Reached skill level 5 in Short Blades
  1625 | D:2      | Learned a level 3 spell: Confusing Touch
  1767 | D:3      | Reached XP level 5. HP: 28/28 MP: 8/8
  2222 | D:4      | Reached skill level 1 in Fighting
  2439 | D:4      | Reached XP level 6. HP: 30/34 MP: 6/10
  2446 | D:4      | Found a sacrificial altar of Ru.
  2866 | D:4      | Noticed a black bear
  2879 | D:4      | Slain by a black bear

Illustrated notes

Levels and vault maps discovered:
D:1:      lemuel_arrival_behind_the_door_large, layout_basic, minivault_26
D:2:      layout_loops_ring, hellmonk_ecumenical_altar_heavens_door,
          uniq_crazy_yiuf_cottage
D:3:      layout_rooms
D:4:      layout_basic, amcnicky_altar_gilded, uniq_menkaure

Skill      XL: |  1  2  3  4  5 |
---------------+----------------+-----
Short Blades   | 2 4 5 |  5.0
Hexes          | 4 |  4.2
Spellcasting   | 3 |  3.0
Fighting       | 1 |  1.0
Dodging        | 3 |  3.0
Stealth        | |  4.0

Action                   |  1- 3 |  4- 6 || total
-------------------------+-------+-------++-------
Melee: Dagger            |    56 |    89 ||   145
       Punch             |       |     1 ||     1
 Cast: Ensorcelled Hiber |     1 |    11 ||    12
       Confusing Touch   |       |     3 ||     3
  Use: Scroll            |       |     5 ||     5
 Stab: Sleeping          |    15 |    16 ||    31
       Confused          |       |     2 ||     2
Armor: Robe              |     6 |    11 ||    17
Dodge: Dodged            |    29 |    53 ||    82

Table legend: (Time is in decaauts)
 A = Elapsed time spent in this place.
 B = Non-inter-level travel time spent in this place.
 C = Inter-level travel time spent in this place.
 D = Time resting spent in this place.
 E = Time spent auto-exploring this place.
 F = Levels seen in this place.
 G = Mean time per level.
                   A        B        C        D        E       F      G
               +--------+--------+--------+--------+--------+-----+--------+
         Total |   2846 |   2788 |     58 |    381 |    580 |   4 |  711.5 |
       Dungeon |   2846 |   2788 |     58 |    381 |    580 |   4 |  711.5 |
               +--------+--------+--------+--------+--------+-----+--------+

Top non-repeatable levels by time:
     D:1: 828 daAuts
     D:2: 811 daAuts
     D:4: 662 daAuts
     D:3: 544 daAuts
